 Dungeon Crawl Stone Soup version 0.23.0-2-g0fe3ce5 (webtiles) character file.

Game seed: 7056028271961801938

2 MalarOregon the Caller (level 1, 0/13 HPs)
             Began as a Merfolk Summoner on Feb 19, 2019.
             Slain by a hobgoblin
             ... wielding a +0 club
              (4 damage)
             ... on level 1 of the Dungeon.
             The game lasted 00:00:46 (78 turns).

MalarOregon the Caller (Merfolk Summoner)             Turns: 78, Time: 00:00:47

Health: 0/13       AC:  3    Str:  8    XL:     1   Next: 40%
Magic:  0/3        EV: 13    Int: 14    God:
Gold:   0          SH:  0    Dex: 14    Spells: 3/4 levels left

rFire    . . .     SeeInvis .   (no weapon)
rCold    . . .     Gourm    .   (no shield)
rNeg     . . .     Faith    .   a - +0 robe
rPois    .         Spirit   .   (no helmet)
rElec    .         Reflect  .   (no cloak)
rCorr    .         Harm     .   (no gloves)
MR       .....                  b - +0 pair of boots
Stlth    ++........             (no amulet)
HPRegen  0.04/turn              (no ring)
MPRegen  0.08/turn              (no ring)

@: no status effects
A: change form in water, swift swim, stealthy swim
a: no special abilities


You were on level 1 of the Dungeon.
You were not hungry.

You visited 1 branch of the dungeon, and saw 1 of its levels.

Inventory:

Armour
 a - a +0 robe (worn)
 b - a +0 pair of boots (worn)
   (You found it on level 1 of the Dungeon)
Comestibles
 e - a ration {!d}


   Skills:
 - Level 2.6 Dodging
 - Level 2.1 Stealth
 + Level 2.1 Spellcasting
 + Level 4.0 Summonings


You had 3 spell levels left.
You knew the following spells:

 Your Spells              Type           Power        Failure   Level  Hunger
a - Summon Small Mammal   Summ           ##..         4%          1    ##.....

Your spell library contained the following spells:

 Spells                   Type           Power        Failure   Level  Hunger
 Call Imp                 Summ           ##......     7%          2    ###....
 Call Canine Familiar     Summ           ##......     13%         3    ####...
 Summon Guardian Golem    Hex/Summ       #.......     30%         3    ####...
 Summon Ice Beast         Ice/Summ       #.......     71%         4    #####..
 Summon Lightning Spire   Summ/Air       #.......     71%         4    #####..


Dungeon Overview and Level Annotations

Branches:
Dungeon (1/15)

Altars:


Message History

You closely miss the hobgoblin. The hobgoblin hits you.
You hit the hobgoblin.
You kill the hobgoblin!
The ball python misses you. The ball python grabs you.
The ball python constricts you.
You hit the ball python. The ball python bites you.
The ball python constricts you.
You hit the ball python.
You kill the ball python!
The hobgoblin completely misses you.
The hobgoblin hits your bat but does no damage.
Your bat misses the hobgoblin. You hit the hobgoblin but do no damage.
Your bat hits the hobgoblin. The hobgoblin closely misses you.
Your bat hits the hobgoblin. The hobgoblin misses you.
Your bat hits the hobgoblin but does no damage.
The hobgoblin barely misses you.
You hit the hobgoblin but do no damage.
Your bat closely misses the hobgoblin.
You hit the hobgoblin but do no damage. Your bat hits the hobgoblin.
The hobgoblin completely misses you.
You closely miss the hobgoblin. Your bat misses the hobgoblin.
The hobgoblin closely misses you.
You hit the hobgoblin. Your bat misses the hobgoblin.
The hobgoblin hits you with a +0 club.
* * * LOW HITPOINT WARNING * * *
Your bat barely misses the hobgoblin.
Your bat barely misses the hobgoblin.
Your bat hits the hobgoblin but does no damage.
Your bat hits the hobgoblin. The hobgoblin closely misses your bat.
Your bat hits the hobgoblin but does no damage.
The hobgoblin hits your bat with a +0 club.
Your bat dies!
Your bat's corpse disappears in a puff of smoke!
You swap places.
The dart slug launches a dart at you. The slug dart hits you.
* * * LOW HITPOINT WARNING * * *
The hobgoblin closely misses your rat.
Your rat barely misses the hobgoblin.
The hobgoblin closely misses your rat.
Your rat closely misses the hobgoblin.
The dart slug barely misses your rat.
Your rat bites the hobgoblin.
You hit the hobgoblin but do no damage. The hobgoblin hits you with a +0 club.
* * * LOW HITPOINT WARNING * * *
The dart slug launches a dart at you. The slug dart hits your rat.
Your rat dies!
Your rat's corpse disappears in a puff of smoke!
The hobgoblin misses you.
Unknown command.
You hit the hobgoblin but do no damage. The hobgoblin hits you with a +0 club.
You die...

#####
####8<8####
##.........##
#8.........8#
#....wg@....#
#8.........8#
##.........##
#.........#
#####'#####
##†#
.#######.(#
....g..).##
....######


You could see a dart slug and a hobgoblin.

Vanquished Creatures
  A ball python (D:1)
  A hobgoblin (D:1)
2 creatures vanquished.

Vanquished Creatures (collateral kills)
  A kobold (D:1)
1 creature vanquished.

Grand Total: 3 creatures vanquished

Notes
Turn   | Place    | Note
-------+----------+-------------------------------------------
     0 | D:1      | MalarOregon the Merfolk Summoner began the quest for the
                  | Orb.
     0 | D:1      | Reached XP level 1. HP: 13/13 MP: 3/3
    78 | D:1      | Slain by a hobgoblin

Action                   || total
-------------------------++-------
Melee: Unarmed           ||    12
 Cast: Summon Small Mamm ||     7
Dodge: Dodged            ||    10
